 Dungeon Crawl Stone Soup version 0.30.1-11-g7821555f0a (webtiles) character file.

Game seed: 15600499317403212566

56 lonewolfV2 the Trooper (level 4, -1/38 HPs)
             Began as a Formicid Fighter on Nov 16, 2023.
             Slain by Terence
             ... wielding a +0 falchion
              (5 damage)
             ... on level 2 of the Dungeon.
             The game lasted 00:01:51 (1126 turns).

lonewolfV2 the Trooper (Formicid Fighter)           Turns: 1126, Time: 00:01:51

Health: -1/38      AC:  9    Str: 23    XL:     4   Next: 17%
Magic:  4/4        EV:  8    Int:  7    God:
Gold:   62         SH:  5    Dex: 13    Spells: 3/3 levels left

rFire   . . .        a - +1 war axe
rCold   . . .        c - +0 buckler
rNeg    . . .        g - +0 chain mail
rPois   .            (helmet unavailable)
rElec   .            (no cloak)
rCorr   .            (no gloves)
SInv    +            (no boots)
Will    .....        (no amulet) Stlth
                     (no ring)
HPRegen 0.26/turn    (no ring)
MPRegen 0.09/turn

%: no passive effects
@: lethally poisoned (-1 -> -7)
A: permanent stasis, dig shafts and tunnels, antennae 3, four strong arms
a: Dig, Shaft Self


You were on level 2 of the Dungeon.
You visited 1 branch of the dungeon, and saw 2 of its levels.

You collected 62 gold pieces.

Inventory:

Hand Weapons
 a - a +1 war axe (weapon)
Armour
 b - a +0 scale mail
 c - a +0 buckler (worn)
 g - a +0 chain mail (worn)
Wands
 h - a wand of mindburst (3)
Scrolls
 e - a scroll of enchant weapon
 k - a scroll of identify
Potions
 d - a potion of might
 f - a potion of magic


   Skills:
 + Level 4.3 Fighting
 + Level 3.2 Axes
 - Level 3.2 Armour
 - Level 4.0 Shields


You had 3 spell levels left.
You didn't know any spells.
Your spell library was empty.

Dungeon Overview and Level Annotations

Branches:
Dungeon (2/15)

Altars:

Annotations:
D:2 Terence


Innate Abilities, Weirdness & Mutations

You cannot be hasted, slowed, berserked, paralysed or teleported.
You can dig through walls and to a lower floor.
You have a pair of large antennae on your head. (SInv)
Your four strong arms can wield two-handed weapons with a shield.


Message History

The hobgoblin is moderately wounded.
You hit Terence. You closely miss the adder. Terence barely misses you.
You block the adder's attack.
The hobgoblin hits you but does no damage. x2
Terence hits you but does no damage. The adder bites you.
You are poisoned.
The adder poisons you!
You hit Terence but do no damage.
Terence is lightly wounded.
You barely miss the adder. You slash the hobgoblin!
You kill the hobgoblin!
You feel sick. The adder bites you but does no damage.
Terence hits you but does no damage.
You closely miss Terence.
Terence is lightly wounded.
You closely miss the adder.
You feel sick. The adder bites you but does no damage.
Terence closely misses you. The adder bites you but does no damage.
You hit Terence but do no damage.
Terence is lightly wounded.
You hit the adder.
You feel sick. The adder barely misses you.
Terence hits you with a +0 falchion. The adder bites you but does no damage.
Terence hits you with a +0 falchion.
You barely miss Terence.
Terence is lightly wounded.
You hit the adder.
You feel sick. The adder closely misses you. Terence barely misses you.
You block the adder's attack.
You closely miss Terence.
Terence is lightly wounded.
You barely miss the adder.
You feel sick.
You are no longer poisoned.
The adder bites you but does no damage. Terence hits you with a +0 falchion.
* * * LOW HITPOINT WARNING * * *
You hit Terence.
Terence is moderately wounded.
You miss the adder. The adder bites you.
* * * LOW HITPOINT WARNING * * *
You are lethally poisoned!
The adder poisons you! Terence hits you with a +0 falchion.
You die...

#... ...# # {
.... ...# # ...
....# # ..# .....
# # #.# ...... #
#.#. #.###......
#
#....##.#........
#
.........@†......
## ##
#######.#@S......
.# ..# ..
#.#...<....
.####.# .###
#.#........
......##...#
#.###......
...##....#.# #.#
......
##..##.#.#.#.#.#
......
.........#.#.#.#
......
####....##.#.#.#


You could see Terence and an adder.

Vanquished Creatures
  An adder (D:2)
  3 worms (D:2)
  A dart slug (D:2)
  An endoplasm (D:2)
  3 giant cockroaches
  7 goblins
  6 hobgoblins
  2 kobolds (D:2)
  3 ball pythons
  6 bats (D:1)
  2 frilled lizards
  2 rats
37 creatures vanquished.

Notes
Turn   | Place    | Note
-------+----------+-------------------------------------------
     0 | D:1      | lonewolfV2 the Formicid Fighter began the quest for the
                  | Orb.
     0 | D:1      | Reached XP level 1. HP: 18/18 MP: 1/1
   130 | D:1      | Reached XP level 2. HP: 24/24 MP: 2/2
   317 | D:1      | Found a faded altar of an unknown god.
   801 | D:2      | Reached XP level 3. HP: 26/30 MP: 3/3
  1093 | D:2      | Reached XP level 4. HP: 37/37 MP: 4/4
  1115 | D:2      | Noticed Terence
  1126 | D:2      | Slain by Terence

Illustrated notes

Levels and vault maps discovered:
D:1:      tekkud_arrival_beachfront_property, layout_loops_cross,
          shapermc_ecumenical_altar_ellora
D:2:      layout_basic, uniq_terence

Skill      XL: |  1  2  3 |
---------------+----------+-----
Fighting       | 4 |  4.3
Axes           | 3 |  3.2
Armour         | |  3.2
Shields        | |  4.0

Action                     |  1- 3 |  4- 6 || total
---------------------------+-------+-------++-------
  Melee: War axe           |    93 |     9 ||   102
    Use: Scroll            |     6 |       ||     6
         Potion            |     1 |       ||     1
 Armour: Scale mail        |    11 |       ||    11
         Chain mail        |    61 |    11 ||    72
  Dodge: Dodged            |    45 |     6 ||    51
  Block: Buckler           |    39 |     3 ||    42
